TOP OF THE 1ST |
Atlanta Smoke batting - Pitching for Richardson City Thundercats : LHP Alec Pittman
|
Pitching: LHP Alec Pittman
|
|
Batting: RHB Bartolo Morales
|
0-0: Ball 1-0: Ball 2-0: Ball 3-0: Ground out 6-3 (Groundball, 6)
|
Batting: RHB Casey Cavell
|
0-0: Called Strike 0-1: Foul Ball, location: 2F 0-2: Ball 1-2: Ball 2-2: Ball 3-2: Foul Ball, location: 2F 3-2: Ground out 1-3 (Groundball, 13)
|
Batting: LHB Albert Morán
|
0-0: Ball 1-0: Foul Ball, location: 2F 1-1: SOLO HOME RUN (Flyball, 9LD), Distance : 350 ft
|
Batting: LHB Yataro Kodo
|
0-0: SINGLE (Line Drive, 8RS)
|
Batting: SHB Valentín Guzmán
|
0-0: Foul Ball, location: 2F 0-1: Called Strike 0-2: Fly out, F7 (Flyball, 7LM)
|
Top of the 1st over - 1 run, 2 hits, 0 errors, 1 left on base; Atlanta 1 - Richardson City 0 |
BOTTOM OF THE 1ST |
Richardson City Thundercats batting - Pitching for Atlanta Smoke : RHP Miguel Aguilar
|
Pitching: RHP Miguel Aguilar
|
|
Batting: SHB Mitch Qualtrough
|
0-0: Called Strike 0-1: Called Strike 0-2: Strikes out swinging
|
Batting: LHB Eduardo Álvarez
|
0-0: Ball 1-0: Swinging Strike 1-1: Ground out 6-3 (Groundball, 6)
|
Batting: RHB Bruce Ingilby
|
0-0: Called Strike 0-1: Called Strike 0-2: Ball 1-2: Ball 2-2: Fly out, F9 (Flyball, 9S)
|
Bottom of the 1st over - 0 runs, 0 hits, 0 errors, 0 left on base; Atlanta 1 - Richardson City 0 |
TOP OF THE 2ND |
Atlanta Smoke batting - Pitching for Richardson City Thundercats : LHP Alec Pittman
|
Batting: RHB Gabriel Maldonado
|
0-0: Swinging Strike 0-1: Foul Ball, location: 2F 0-2: Strikes out swinging
|
Batting: RHB Bobby Butterfield
|
0-0: Ball 1-0: Called Strike 1-1: Called Strike 1-2: Foul Ball, location: 2F 1-2: Foul Ball, location: 2F 1-2: Fly out, F9 (Flyball, 9LM)
|
Batting: RHB Gerardo Castillo
|
0-0: Called Strike 0-1: SINGLE (Groundball, 56D)
|
Batting: SHB Melito Báez
|
0-0: Ball 1-0: Ball 2-0: Ball 3-0: Called Strike 3-1: Foul Ball, location: 2F 3-2: Foul Ball, location: 2F 3-2: Strikes out looking
|
Top of the 2nd over - 0 runs, 1 hit, 0 errors, 1 left on base; Atlanta 1 - Richardson City 0 |
BOTTOM OF THE 2ND |
Richardson City Thundercats batting - Pitching for Atlanta Smoke : RHP Miguel Aguilar
|
Batting: RHB Anselmo Berneu
|
0-0: Foul Ball, location: 2F 0-1: Ball 1-1: Ball 2-1: SINGLE (Line Drive, 56D)
|
Batting: RHB Javier Rivera
|
0-0: Ball 1-0: Ball 2-0: Called Strike 2-1: Fielders Choice at 2nd, 6-4 (Groundball, 6)
|
Batting: LHB Carroll Martin
|
0-0: Fly out, F4 (Line Drive, 4M)
|
Batting: LHB Fernando Ramírez
|
0-0: Ground out U3 (Groundball, 34S)
|
Bottom of the 2nd over - 0 runs, 1 hit, 0 errors, 1 left on base; Atlanta 1 - Richardson City 0 |
TOP OF THE 3RD |
Atlanta Smoke batting - Pitching for Richardson City Thundercats : LHP Alec Pittman
|
Batting: RHB Bartolo Morales
|
0-0: Called Strike 0-1: SINGLE (Line Drive, 7S)
|
Batting: RHB Casey Cavell
|
0-0: Called Strike 0-1: Ball 1-1: Ball 2-1: Ball 3-1: Grounds into double play, 5-4-3 (Groundball, 56)
|
Batting: LHB Albert Morán
|
0-0: Called Strike 0-1: Ball 1-1: Called Strike 1-2: Ball 2-2: SINGLE (Groundball, 34D)
|
Batting: LHB Yataro Kodo
|
0-0: Fly out, F4 (Line Drive, 4)
|
Top of the 3rd over - 0 runs, 2 hits, 0 errors, 1 left on base; Atlanta 1 - Richardson City 0 |
BOTTOM OF THE 3RD |
Richardson City Thundercats batting - Pitching for Atlanta Smoke : RHP Miguel Aguilar
|
Batting: RHB Louis Gibbons
|
0-0: Ball 1-0: Ball 2-0: Called Strike 2-1: Ball 3-1: Base on Balls
|
Batting: RHB Pedro Castillo
|
0-0: Called Strike 0-1: Fly out, F9 (Flyball, 89D)
|
Batting: SHB Mitch Qualtrough
|
0-0: Swinging Strike Louis Gibbons is caught stealing 2nd base 0-1: Foul Ball, location: 2F 0-2: Ball 1-2: Ground out 4-3 (Groundball, 4)
|
Bottom of the 3rd over - 0 runs, 0 hits, 0 errors, 0 left on base; Atlanta 1 - Richardson City 0 |
TOP OF THE 4TH |
Atlanta Smoke batting - Pitching for Richardson City Thundercats : LHP Alec Pittman
|
Batting: SHB Valentín Guzmán
|
0-0: Ball 1-0: Fly out, F9 (Flyball, 9LM)
|
Batting: RHB Gabriel Maldonado
|
0-0: Called Strike 0-1: Swinging Strike 0-2: Ball 1-2: Ball 2-2: Strikes out swinging
|
Batting: RHB Bobby Butterfield
|
0-0: Ball 1-0: Called Strike 1-1: Foul Ball, location: 2F 1-2: Ball 2-2: Strikes out swinging
|
Top of the 4th over - 0 runs, 0 hits, 0 errors, 0 left on base; Atlanta 1 - Richardson City 0 |
BOTTOM OF THE 4TH |
Richardson City Thundercats batting - Pitching for Atlanta Smoke : RHP Miguel Aguilar
|
Batting: LHB Eduardo Álvarez
|
0-0: Called Strike 0-1: SINGLE (Groundball, 4MD)
|
Batting: RHB Bruce Ingilby
|
0-0: Ball 1-0: Grounds into double play, 5-4-3 (Groundball, 56)
|
Batting: RHB Anselmo Berneu
|
0-0: Called Strike 0-1: Swinging Strike 0-2: Ball 1-2: Fly out, F9 (Line Drive, 9D)
|
Bottom of the 4th over - 0 runs, 1 hit, 0 errors, 0 left on base; Atlanta 1 - Richardson City 0 |
TOP OF THE 5TH |
Atlanta Smoke batting - Pitching for Richardson City Thundercats : LHP Alec Pittman
|
Batting: RHB Gerardo Castillo
|
0-0: Called Strike 0-1: Ball 1-1: Ball 2-1: Ball 3-1: Base on Balls
|
Batting: SHB Melito Báez
|
0-0: Ball 1-0: Ball 2-0: Ball 3-0: Base on Balls Gerardo Castillo to second
|
Batting: RHB Bartolo Morales
|
0-0: Ball 1-0: Bunted foul 1-1: Bunted foul 1-2: Foul Ball, location: 2F 1-2: SINGLE (Flyball, 8LS) Gerardo Castillo to third Melito Báez to second
|
Batting: RHB Casey Cavell
|
0-0: Ball 1-0: Ball 2-0: Fly out, F4 (Flyball, 34D)
|
Batting: LHB Albert Morán
|
0-0: Ball 1-0: Ball 2-0: Called Strike 2-1: Called Strike 2-2: Fly out, F9 (Flyball, 89S)
|
Batting: LHB Yataro Kodo
|
0-0: Ball 1-0: Ball 2-0: Fly out, F8 (Flyball, 78M)
|
Top of the 5th over - 0 runs, 1 hit, 0 errors, 3 left on base; Atlanta 1 - Richardson City 0 |
BOTTOM OF THE 5TH |
Richardson City Thundercats batting - Pitching for Atlanta Smoke : RHP Miguel Aguilar
|
Batting: RHB Javier Rivera
|
0-0: Fly out, F7 (Flyball, 7S)
|
Batting: LHB Carroll Martin
|
0-0: Bunt missed! 0-1: Ground out 4-3 (Groundball, 4)
|
Batting: LHB Fernando Ramírez
|
0-0: Called Strike 0-1: Called Strike 0-2: Ball 1-2: Strikes out looking
|
Bottom of the 5th over - 0 runs, 0 hits, 0 errors, 0 left on base; Atlanta 1 - Richardson City 0 |
TOP OF THE 6TH |
Atlanta Smoke batting - Pitching for Richardson City Thundercats : LHP Alec Pittman
|
Batting: SHB Valentín Guzmán
|
0-0: Called Strike 0-1: Called Strike 0-2: Fly out, F7 (Flyball, 78S)
|
Batting: RHB Gabriel Maldonado
|
0-0: Ball 1-0: Ball 2-0: Called Strike 2-1: Ball 3-1: Foul Ball, location: 2F 3-2: Base on Balls
|
Batting: RHB Bobby Butterfield
|
0-0: Ball 1-0: Swinging Strike 1-1: Ball 2-1: Swinging Strike 2-2: Ball 3-2: Foul Ball, location: 2F 3-2: Foul Ball, location: 2F 3-2: Grounds into double play, 6-4-3 (Groundball, 6)
|
Top of the 6th over - 0 runs, 0 hits, 0 errors, 0 left on base; Atlanta 1 - Richardson City 0 |
BOTTOM OF THE 6TH |
Richardson City Thundercats batting - Pitching for Atlanta Smoke : RHP Miguel Aguilar
|
Batting: RHB Louis Gibbons
|
0-0: Called Strike 0-1: Foul Ball, location: 2F 0-2: Foul Ball, location: 2F 0-2: Foul Ball, location: 2F 0-2: Ball 1-2: Foul Ball, location: 2F 1-2: Ball 2-2: Ball 3-2: Foul Ball, location: 2F 3-2: SINGLE (Groundball, 4MD)
|
Batting: RHB Pedro Castillo
|
0-0: Swinging Strike 0-1: Called Strike 0-2: Ball 1-2: Strikes out swinging
|
Batting: SHB Mitch Qualtrough
|
0-0: Fielders Choice at 2nd, 6-4 (Groundball, 6)
|
Batting: LHB Eduardo Álvarez
|
0-0: Ball 1-0: Ball 2-0: Swinging Strike 2-1: Called Strike Mitch Qualtrough steals 2nd base 2-2: Ball 3-2: Strikes out swinging
|
Bottom of the 6th over - 0 runs, 1 hit, 0 errors, 1 left on base; Atlanta 1 - Richardson City 0 |
TOP OF THE 7TH |
Atlanta Smoke batting - Pitching for Richardson City Thundercats : LHP Alec Pittman
|
Batting: RHB Gerardo Castillo
|
0-0: Called Strike 0-1: Swinging Strike 0-2: Strikes out swinging
|
Batting: SHB Melito Báez
|
0-0: Ball 1-0: Foul Ball, location: 2F 1-1: Foul Ball, location: 2F 1-2: SINGLE (Line Drive, 89S)
|
Pitching: RHP José Montalópez
|
|
Batting: RHB Bartolo Morales
|
0-0: Foul Ball, location: 2F 0-1: Foul Ball, location: 2F 0-2: Ground out 3-1 (Groundball, 34S) Melito Báez to second
|
Batting: RHB Casey Cavell
|
0-0: Swinging Strike 0-1: Swinging Strike 0-2: Ball 1-2: Strikes out looking
|
Top of the 7th over - 0 runs, 1 hit, 0 errors, 1 left on base; Atlanta 1 - Richardson City 0 |
BOTTOM OF THE 7TH |
Richardson City Thundercats batting - Pitching for Atlanta Smoke : RHP Miguel Aguilar
|
Batting: RHB Bruce Ingilby
|
0-0: Called Strike 0-1: Foul Ball, location: 2F 0-2: SINGLE (Groundball, 6MD)
|
Batting: RHB Anselmo Berneu
|
0-0: Foul Ball, location: 2F 0-1: Ball 1-1: Called Strike 1-2: Strikes out swinging
|
Batting: RHB Javier Rivera
|
0-0: Called Strike 0-1: Swinging Strike 0-2: Ball 1-2: Ball 2-2: Strikes out swinging
|
Batting: LHB Carroll Martin
|
0-0: Called Strike 0-1: Ball 1-1: Ball 2-1: Ball 3-1: Called Strike 3-2: Foul Ball, location: 2F 3-2: SINGLE (Groundball, 4MD) Bruce Ingilby to second Bruce Ingilby to third
|
Batting: LHB Fernando Ramírez
|
0-0: Ball 1-0: 3-RUN HOME RUN (Flyball, 89XD), Distance : 463 ft
|
Batting: RHB Louis Gibbons
|
0-0: Foul Ball, location: 2F 0-1: Foul Ball, location: 2F 0-2: Ball 1-2: Ball 2-2: SINGLE (Groundball, 34D)
|
Batting: RHB Pedro Castillo
|
0-0: Called Strike 0-1: Fly out, F3 (Popup, 3SF)
|
Bottom of the 7th over - 3 runs, 4 hits, 0 errors, 1 left on base; Atlanta 1 - Richardson City 3 |
TOP OF THE 8TH |
Atlanta Smoke batting - Pitching for Richardson City Thundercats : RHP José Montalópez
|
Batting: LHB Albert Morán
|
0-0: Fly out, F9 (Flyball, 9LSF)
|
Batting: LHB Yataro Kodo
|
0-0: Called Strike 0-1: DOUBLE (Line Drive, 9LM)
|
Batting: SHB Valentín Guzmán
|
0-0: Ball 1-0: Fly out, F8 (Flyball, 8RXD) Runner from 2nd tags up, SAFE at 3rd, no throw
|
Batting: RHB Gabriel Maldonado
|
0-0: Ball 1-0: Ground out 6-3 (Groundball, 6)
|
Top of the 8th over - 0 runs, 1 hit, 0 errors, 1 left on base; Atlanta 1 - Richardson City 3 |
BOTTOM OF THE 8TH |
Richardson City Thundercats batting - Pitching for Atlanta Smoke : RHP Miguel Aguilar
|
Batting: SHB Mitch Qualtrough
|
0-0: Ball 1-0: Called Strike 1-1: Ground out 4-3 (Groundball, 4)
|
Batting: LHB Eduardo Álvarez
|
0-0: Ball 1-0: Called Strike 1-1: Foul Ball, location: 2F 1-2: Strikes out swinging
|
Batting: RHB Bruce Ingilby
|
0-0: Ground out 4-3 (Groundball, 4)
|
Bottom of the 8th over - 0 runs, 0 hits, 0 errors, 0 left on base; Atlanta 1 - Richardson City 3 |
TOP OF THE 9TH |
Atlanta Smoke batting - Pitching for Richardson City Thundercats : RHP José Montalópez
|
Batting: RHB Bobby Butterfield
|
0-0: Ball 1-0: Called Strike 1-1: Ball 2-1: Fly out, F6 (Flyball, 56D)
|
Batting: RHB Gerardo Castillo
|
0-0: Ball 1-0: Swinging Strike 1-1: Ground out 4-3 (Groundball, 4)
|
Batting: SHB Melito Báez
|
0-0: Ball 1-0: Ball 2-0: Fly out, F8 (Flyball, 78M)
|
Top of the 9th over - 0 runs, 0 hits, 0 errors, 0 left on base; Atlanta 1 - Richardson City 3 |
|